Flyers vs Stars

Created - 20 février 2021 at 20:07

Goals
1 2 3 T
Flyers 0 3 1 4
Stars 1 3 1 5
Shots
1 2 3 T
Flyers 9 10 9 28
Stars 4 16 14 34

1st period

1. Stars , Tyler Toffoli 15 (Nazem Kadri 17, Sami Vatanen 27) at 4:45

Penalties :
Scott Mayfield (DAL) for Slashing (Minor) at 1:26

2nd period

2. Stars , Nazem Kadri 18 (Sami Vatanen 28) at 1:10
3. Stars , Patrice Bergeron 29 (Tom Wilson 23, Reilly Smith 27) at 1:27
4. Flyers , Jamie Benn 20 (Victor Hedman 36, William Nylander 22) at 6:40
5. Flyers , Jakub Voracek 19 (Brendan Gallagher 32, Victor Hedman 37) at 11:24 (PP)
6. Stars , Sami Vatanen 10 (Shea Theodore 25, Patrice Bergeron 39) at 12:38 (PP)
7. Flyers , Brendan Gallagher 20 (Mika Zibanejad 36, Noah Hanifin 18) at 19:10

Penalties :
Scott Mayfield (DAL) for Hooking (Minor) at 10:55, Johan Larsson (PHI) for Tripping (Minor) at 11:56

3rd period

8. Stars , Tyler Toffoli 16 (Jon Marchessault 10, Shea Theodore 26) at 3:50 (PP)
9. Flyers , Vince Dunn 6 (Mika Zibanejad 37) at 9:13

Penalties :
Noah Hanifin (PHI) for Interference (Minor) at 2:30, Mika Zibanejad (PHI) for Roughing (Minor) at 10:04, Shea Theodore (DAL) for Interference (Minor) at 19:08

Goalie Stats

Keith Kinkaid (PHI), 11 saves from 15 shots - (0,733), 32:38 minutes
Pavel Francouz (PHI), 18 saves from 19 shots - (0,947), L, 22-19-8, 26:27 minutes
Darcy Kuemper (DAL), 24 saves from 28 shots - (0,857), W, 29-18-6, 60:00 minutes

Players Stats for Flyers

Player Name              G  A  P  +/- PIM S  H  SB GA TA FO     MP     PP MP  PK MP  
------------------------------------------------------------------------------------
Brendan Gallagher        1  1  2   0  0   2  2  0  0  0  2/3    15:10   2:06   0:00 
Jake Debrusk             0  0  0  -1  0   2  1  0  0  0  0/0    13:02   0:00   0:00 
Jakub Voracek            1  0  1   0  0   3  0  0  0  0  0/1    15:10   2:06   0:00 
Jamie Benn               1  0  1   1  0   2  2  0  0  0  0/0    14:29   1:13   0:00 
Joel Farabee             0  0  0  -1  0   1  2  0  0  0  0/1    15:02   0:00   2:00 
Johan Larsson            0  0  0   0  2   1  1  1  0  0  5/15   14:49   0:00   1:32 
Jonas Brodin             0  0  0  -1  0   0  1  0  0  0  0/0    19:51   0:00   2:20 
Mika Zibanejad           0  2  2   0  2   3  1  0  0  0  11/22  15:45   2:06   0:00 
Nino Niederreiter        0  0  0   0  0   1  0  0  0  0  0/0    15:19   0:00   2:01 
Noah Hanifin             0  1  1   0  2   1  1  1  0  0  0/0    22:09   1:08   0:08 
Paul Stastny             0  0  0   1  0   1  1  0  0  0  14/21  14:57   1:13   0:28 
Rasmus Andersson         0  0  0   1  0   2  1  0  0  0  0/0    16:28   1:08   1:41 
Robert Thomas            0  0  0  -1  0   1  0  0  0  0  6/20   15:03   0:00   2:01 
Ryan Graves              0  0  0  -1  0   0  3  1  0  0  0/0    19:51   0:00   2:20 
Tomas Tatar              0  0  0   0  0   0  1  0  0  0  0/1    13:18   0:00   0:00 
Victor Hedman            0  2  2  -1  0   2  3  2  0  0  0/0    24:24   2:11   0:00 
Vince Dunn               1  0  1   2  0   2  2  2  0  0  0/0    16:40   2:11   1:33 
William Nylander         0  1  1   1  0   4  0  0  0  0  0/0    14:29   1:13   0:00 

Players Stats for Stars

Player Name              G  A  P  +/- PIM S  H  SB GA TA FO     MP     PP MP  PK MP  
------------------------------------------------------------------------------------
Brandon Tanev            0  0  0   0  0   0  2  0  0  0  0/0     9:25   0:00   2:30 
Derick Brassard          0  0  0   0  0   1  1  0  0  0  7/16   12:07   0:00   0:00 
Duncan Keith             0  0  0  -1  0   3  3  3  0  0  0/0    25:57   2:09   1:51 
Evgenii Dadonov          0  0  0   0  0   0  0  0  0  0  0/1     1:13   0:39   0:00 
James van Riemsdyk       0  0  0   0  0   2  1  0  0  0  0/0    18:28   0:00   0:00 
John Klingberg           0  0  0  -1  0   0  0  3  0  0  0/0    26:05   2:09   1:59 
Jon Marchessault         0  1  1   1  0   0  2  0  0  0  0/1    16:51   1:25   0:00 
Matt Grzelcyk            0  0  0  -1  0   1  3  1  0  0  0/0    13:18   0:00   0:20 
Nazem Kadri              1  1  2   1  0   4  2  0  0  0  15/21  17:23   1:57   0:00 
Patrice Bergeron         1  1  2  -1  0   4  0  0  0  0  16/26  20:26   1:25   0:49 
Reilly Smith             0  1  1  -1  0   5  0  0  0  0  1/1    20:48   2:36   0:00 
Sami Vatanen             1  2  3   2  0   2  3  3  0  0  0/0    21:05   1:52   1:28 
Scott Mayfield           0  0  0  -1  4   1  2  1  0  0  0/0    12:56   0:00   0:00 
Shea Theodore            0  2  2   2  2   0  0  1  0  0  0/0    20:36   1:52   1:00 
Teddy Blueger            0  0  0   0  0   0  0  0  0  0  5/13    9:25   0:00   2:30 
Tom Wilson               0  1  1  -1  0   5  4  0  0  0  1/3    21:37   2:36   0:49 
Tyler Toffoli            2  0  2   1  0   6  0  0  0  0  0/1    16:51   1:25   0:00 
Victor Olofsson          0  0  0   0  0   0  2  0  0  0  1/1    12:07   0:00   0:00 

3 Stars

1 - Sami Vatanen (DAL)
2 - Tyler Toffoli (DAL)
3 - Nazem Kadri (DAL)

Power Play

Flyers - 1 on 3 Attempt(s) - 33,33%
Stars - 2 on 3 Attempt(s) - 66,67%

Penalty Kill

Flyers - 1 on 3 Attempt(s) - 33,33% - Score 0 goal in Penalty Kill
Stars - 2 on 3 Attempt(s) - 66,67% - Score 0 goal in Penalty Kill

Team Stat

Flyers - Hits : 22 - Faceoff Wins : 38 - Blocked Shots : 7 - Penalty Minutes : 6
Stars - Hits : 25 - Faceoff Wins : 46 - Blocked Shots : 12 - Penalty Minutes : 6

Official

Referees : Frederick L'Ecuyer and Jean Hebert
Linesman : Kiel Murchison and Steve Miller

Game Notes

Pavel Francouz enters game at 12:38 of 2nd period

Finance

Level 1 -- Attendance: 4651 (77,52%) -- Ticket Income 651 140 $
Level 2 -- Attendance: 3724 (74,48%) -- Ticket Income 417 088 $
Level 3 -- Attendance: 1781 (89,05%) -- Ticket Income 185 224 $
Level 4 -- Attendance: 2987 (65,91%) -- Ticket Income 104 545 $
Luxury Box -- Attendance: 768 (76,80%) -- Ticket Income 198 144 $
Game was played at the American Airlines Center.
Total Attendance: 13911 (75,06%)
Total Ticket Income: 1 556 141 $
Other Income: 762 509 $
Total Income: 2 318 650 $

% Time on Ice - Flyers

Lines # - Real PCT - Wanted PCT - Time Play
Normal Forward
1 - 25% - 25% - 13:04
2 - 25% - 25% - 13:16
3 - 25% - 25% - 13:18
4 - 25% - 25% - 13:02
Normal Defense
1 - 27% - 30% - 14:15
2 - 25% - 25% - 12:56
3 - 33% - 25% - 17:31
4 - 15% - 20% - 7:58
PP Forward
1 - 63% - 50% - 2:06
2 - 37% - 50% - 1:13
PP Defense
1 - 66% - 50% - 2:11
2 - 34% - 50% - 1:08
PK Forward
1 - 50% - 50% - 2:00
2 - 50% - 50% - 2:01
PK Defense
1 - 58% - 50% - 2:20
2 - 42% - 50% - 1:41
PK3 Forward
1 - 0% - 50%
2 - 0% - 50%
PK3 Defense
1 - 0% - 50%
2 - 0% - 50%
44 Forward
1 - 0% - 50%
2 - 0% - 50%
44 Defense
1 - 0% - 50%
2 - 0% - 50%
Last Minute Offensive  - 0:00
Last Minute Defensive  - 0:00
Total
Forward - 60:00
Defense - 60:00

% Time on Ice - Stars

Lines # - Real PCT - Wanted PCT - Time Play
Normal Forward
1 - 35% - 35% - 18:12
2 - 29% - 31% - 15:26
3 - 23% - 24% - 12:07
4 - 13% - 10% - 6:55
Normal Defense
1 - 37% - 40% - 19:42
2 - 34% - 30% - 17:45
3 - 25% - 20% - 12:58
4 - 4% - 10% - 2:15
PP Forward
1 - 65% - 60% - 2:36
2 - 35% - 40% - 1:25
PP Defense
1 - 54% - 60% - 2:09
2 - 46% - 40% - 1:52
PK Forward
1 - 75% - 60% - 2:30
2 - 25% - 40% - 0:49
PK Defense
1 - 56% - 60% - 1:51
2 - 44% - 40% - 1:28
PK3 Forward
1 - 0% - 60%
2 - 0% - 40%
PK3 Defense
1 - 0% - 60%
2 - 0% - 40%
44 Forward
1 - 0% - 60%
2 - 0% - 40%
44 Defense
1 - 0% - 60%
2 - 0% - 40%
Last Minute Offensive  - 0:00
Last Minute Defensive  - 0:00
Total
Forward - 60:00
Defense - 60:00

Play-by-Play

1st period


0:01 of 1st period - Brendan Gallagher wins face-off versus Patrice Bergeron in neutral zone.
0:12 of 1st period - Shot by Patrice Bergeron.
0:12 of 1st period - Shot Misses the Net.
0:31 of 1st period - Shot by Tom Wilson.
0:31 of 1st period - Shot Blocked by Victor Hedman.
0:38 of 1st period - Off-side.
0:39 of 1st period - Paul Stastny wins face-off versus Nazem Kadri in neutral zone.
0:39 of 1st period - Paul Stastny is hit by Nazem Kadri.
0:47 of 1st period - Shot by William Nylander.
0:47 of 1st period - Stopped by Darcy Kuemper without a rebound.
0:48 of 1st period - Derick Brassard wins face-off versus Johan Larsson in Stars zone.
1:25 of 1st period - Shot by Nino Niederreiter.
1:25 of 1st period - Stopped by Darcy Kuemper with a rebound.
1:26 of 1st period - Minor Penalty to Scott Mayfield for Slashing.
1:27 of 1st period - Teddy Blueger wins face-off versus Mika Zibanejad in Stars zone.
1:48 of 1st period - Shot by Mika Zibanejad.
1:48 of 1st period - Stopped by Darcy Kuemper without a rebound.
1:49 of 1st period - Paul Stastny wins face-off versus Patrice Bergeron in Stars zone.
2:27 of 1st period - Shot by Paul Stastny.
2:27 of 1st period - Deflect By William Nylander.
2:27 of 1st period - Stopped by Darcy Kuemper with a rebound.
2:29 of 1st period - Shot by Jamie Benn.
2:29 of 1st period - Stopped by Darcy Kuemper with a rebound.
3:22 of 1st period - Icing by Victor Hedman.
3:23 of 1st period - Mika Zibanejad wins face-off versus Teddy Blueger in Flyers zone.
3:37 of 1st period - Robert Thomas is hit by Matt Grzelcyk and loses puck.
3:44 of 1st period - Shot by Jake Debrusk.
3:44 of 1st period - Stopped by Darcy Kuemper without a rebound.
3:45 of 1st period - Paul Stastny wins face-off versus Derick Brassard in Stars zone.
3:58 of 1st period - Shot by James van Riemsdyk.
3:58 of 1st period - Shot Blocked by Victor Hedman.
4:06 of 1st period - Shot by Victor Olofsson.
4:06 of 1st period - Shot Misses the Net.
4:25 of 1st period - Icing by William Nylander.
4:26 of 1st period - Paul Stastny wins face-off versus Nazem Kadri in Flyers zone.
4:45 of 1st period - Shot by Tyler Toffoli.
4:45 of 1st period - Goal by Tyler Toffoli - Flyers : 0 - Stars : 1.
4:46 of 1st period - Patrice Bergeron wins face-off versus Mika Zibanejad in neutral zone.
4:53 of 1st period - Shot by Tom Wilson.
4:53 of 1st period - Stopped by Keith Kinkaid without a rebound.
4:54 of 1st period - Robert Thomas wins face-off versus Tom Wilson in Flyers zone.
5:17 of 1st period - Shot by Robert Thomas.
5:17 of 1st period - Shot Misses the Net.
5:48 of 1st period - Icing by Sami Vatanen.
5:49 of 1st period - Johan Larsson wins face-off versus Patrice Bergeron in Stars zone.
6:38 of 1st period - Shot by Tyler Toffoli.
6:38 of 1st period - Shot Misses the Net.
7:09 of 1st period - Icing by Vince Dunn.
7:10 of 1st period - Teddy Blueger wins face-off versus Johan Larsson in Flyers zone.
9:55 of 1st period - Shot by Paul Stastny.
9:55 of 1st period - Stopped by Darcy Kuemper with a rebound.
10:08 of 1st period - Icing by Jonas Brodin.
10:09 of 1st period - Paul Stastny wins face-off versus Patrice Bergeron in Flyers zone.
10:09 of 1st period - Paul Stastny is hit by Tom Wilson.
10:22 of 1st period - Patrice Bergeron is hit by Mika Zibanejad and loses puck.
11:54 of 1st period - Shot by William Nylander.
11:54 of 1st period - Shot Misses the Net.
11:56 of 1st period - Shot by Noah Hanifin.
11:56 of 1st period - Shot Blocked by Scott Mayfield.
13:26 of 1st period - Icing by Victor Hedman.
13:27 of 1st period - Johan Larsson wins face-off versus Patrice Bergeron in Flyers zone.
13:27 of 1st period - Johan Larsson is hit by Tom Wilson.
13:33 of 1st period - Patrice Bergeron is hit by Tomas Tatar.
13:59 of 1st period - Shot by Patrice Bergeron.
13:59 of 1st period - Shot Misses the Net.
14:15 of 1st period - Shot by James van Riemsdyk.
14:15 of 1st period - Stopped by Keith Kinkaid without a rebound.
14:16 of 1st period - Mika Zibanejad wins face-off versus Derick Brassard in Flyers zone.
14:20 of 1st period - Mika Zibanejad is hit by Sami Vatanen and loses puck.
14:29 of 1st period - Shot by Brendan Gallagher.
14:29 of 1st period - Shot Hit the Post.
14:31 of 1st period - Shot by Mika Zibanejad.
14:31 of 1st period - Deflect By Brendan Gallagher.
14:31 of 1st period - Stopped by Darcy Kuemper without a rebound.
14:32 of 1st period - Paul Stastny wins face-off versus Teddy Blueger in Stars zone.
16:16 of 1st period - Brendan Gallagher is hit by Matt Grzelcyk and loses puck.
16:20 of 1st period - Icing by Matt Grzelcyk.
16:21 of 1st period - Robert Thomas wins face-off versus Nazem Kadri in Stars zone.
17:21 of 1st period - Shot by Nino Niederreiter.
17:21 of 1st period - Shot Misses the Net.
17:31 of 1st period - Johan Larsson is hit by Derick Brassard and loses puck.
17:40 of 1st period - Shot by James van Riemsdyk.
17:40 of 1st period - Stopped by Keith Kinkaid without a rebound.
17:41 of 1st period - Paul Stastny wins face-off versus Patrice Bergeron in Flyers zone.
18:03 of 1st period - Shot by William Nylander.
18:03 of 1st period - Stopped by Darcy Kuemper without a rebound.
18:04 of 1st period - Teddy Blueger wins face-off versus Mika Zibanejad in Stars zone.
18:11 of 1st period - Mika Zibanejad is hit by Brandon Tanev and loses puck.
19:12 of 1st period - Shot by Noah Hanifin.
19:12 of 1st period - Shot Blocked by Duncan Keith.
19:14 of 1st period - Shot by Joel Farabee.
19:14 of 1st period - Shot Blocked by John Klingberg.
19:21 of 1st period - Joel Farabee is hit by Duncan Keith.
Goals for this period are 0 for Flyers vs 1 for Stars.
Shots for this period are 9 for Flyers vs 4 for Stars.

2nd period


0:01 of 2nd period - Derick Brassard wins face-off versus Jakub Voracek in neutral zone.
0:20 of 2nd period - Icing by John Klingberg.
0:21 of 2nd period - Derick Brassard wins face-off versus Robert Thomas in Stars zone.
0:21 of 2nd period - Derick Brassard is hit by Joel Farabee.
0:58 of 2nd period - Joel Farabee is hit by Jon Marchessault.
1:10 of 2nd period - Shot by Nazem Kadri.
1:10 of 2nd period - Goal by Nazem Kadri - Flyers : 0 - Stars : 2.
1:11 of 2nd period - Mika Zibanejad wins face-off versus Patrice Bergeron in neutral zone.
1:27 of 2nd period - Shot by Patrice Bergeron.
1:27 of 2nd period - Goal by Patrice Bergeron - Flyers : 0 - Stars : 3.
1:28 of 2nd period - Paul Stastny wins face-off versus Tyler Toffoli in neutral zone.
1:41 of 2nd period - Shot by Rasmus Andersson.
1:41 of 2nd period - Stopped by Darcy Kuemper without a rebound.
1:42 of 2nd period - Patrice Bergeron wins face-off versus Mika Zibanejad in Stars zone.
3:35 of 2nd period - Matt Grzelcyk is hit by Joel Farabee and loses puck.
4:03 of 2nd period - Shot by Nazem Kadri.
4:03 of 2nd period - Deflect By Tyler Toffoli.
4:03 of 2nd period - Stopped by Keith Kinkaid without a rebound.
4:04 of 2nd period - Mika Zibanejad wins face-off versus Teddy Blueger in Flyers zone.
4:33 of 2nd period - Victor Hedman is hit by Brandon Tanev and loses puck.
5:20 of 2nd period - Icing by Tomas Tatar.
5:21 of 2nd period - Nazem Kadri wins face-off versus Johan Larsson in Flyers zone.
6:24 of 2nd period - Shot by Patrice Bergeron.
6:24 of 2nd period - Shot Blocked by Vince Dunn.
6:26 of 2nd period - Shot by Tom Wilson.
6:26 of 2nd period - Deflect By Patrice Bergeron.
6:26 of 2nd period - Stopped by Keith Kinkaid without a rebound.
6:27 of 2nd period - Patrice Bergeron wins face-off versus Paul Stastny in Flyers zone.
6:28 of 2nd period - Shot by Tom Wilson.
6:28 of 2nd period - Shot Misses the Net.
6:40 of 2nd period - Shot by Jamie Benn.
6:40 of 2nd period - Goal by Jamie Benn - Flyers : 1 - Stars : 3.
6:41 of 2nd period - Mika Zibanejad wins face-off versus Derick Brassard in neutral zone.
6:51 of 2nd period - Icing by Duncan Keith.
6:52 of 2nd period - Derick Brassard wins face-off versus Paul Stastny in Stars zone.
7:02 of 2nd period - Off-side.
7:03 of 2nd period - Johan Larsson wins face-off versus Patrice Bergeron in neutral zone.
7:12 of 2nd period - Johan Larsson is hit by Tom Wilson and loses puck.
7:32 of 2nd period - Icing by Sami Vatanen.
7:33 of 2nd period - Paul Stastny wins face-off versus Tom Wilson in Stars zone.
7:52 of 2nd period - Shot by Tom Wilson.
7:52 of 2nd period - Shot Misses the Net.
7:54 of 2nd period - Shot by Reilly Smith.
7:54 of 2nd period - Stopped by Keith Kinkaid with a rebound.
8:12 of 2nd period - Shot by Jamie Benn.
8:12 of 2nd period - Shot Blocked by John Klingberg.
8:38 of 2nd period - Shot by Jake Debrusk.
8:38 of 2nd period - Shot Misses the Net.
8:42 of 2nd period - Shot by Robert Thomas.
8:42 of 2nd period - Deflect By Joel Farabee.
8:42 of 2nd period - Shot Misses the Net.
8:44 of 2nd period - Shot by Jonas Brodin.
8:44 of 2nd period - Shot Blocked by John Klingberg.
9:11 of 2nd period - Icing by Rasmus Andersson.
9:12 of 2nd period - Johan Larsson wins face-off versus Derick Brassard in Flyers zone.
9:12 of 2nd period - Johan Larsson is hit by James van Riemsdyk.
9:26 of 2nd period - Victor Hedman is hit by Victor Olofsson and loses puck.
9:42 of 2nd period - Off-side.
9:43 of 2nd period - Patrice Bergeron wins face-off versus Mika Zibanejad in neutral zone.
10:14 of 2nd period - Shot by Mika Zibanejad.
10:14 of 2nd period - Stopped by Darcy Kuemper without a rebound.
10:15 of 2nd period - Paul Stastny wins face-off versus Derick Brassard in Stars zone.
10:19 of 2nd period - Jamie Benn is hit by Matt Grzelcyk and loses puck.
10:38 of 2nd period - Shot by Derick Brassard.
10:38 of 2nd period - Stopped by Keith Kinkaid with a rebound.
10:55 of 2nd period - Minor Penalty to Scott Mayfield for Hooking.
10:56 of 2nd period - Mika Zibanejad wins face-off versus Teddy Blueger in Stars zone.
11:10 of 2nd period - Shot by Mika Zibanejad.
11:10 of 2nd period - Shot Misses the Net.
11:12 of 2nd period - Shot by Jakub Voracek.
11:12 of 2nd period - Shot Blocked by Duncan Keith.
11:14 of 2nd period - Shot by Victor Hedman.
11:14 of 2nd period - Shot Blocked by Duncan Keith.
11:16 of 2nd period - Shot by Vince Dunn.
11:16 of 2nd period - Stopped by Darcy Kuemper with a rebound.
11:18 of 2nd period - Shot by Mika Zibanejad.
11:18 of 2nd period - Shot Misses the Net.
11:20 of 2nd period - Shot by Victor Hedman.
11:20 of 2nd period - Stopped by Darcy Kuemper with a rebound.
11:22 of 2nd period - Shot by Brendan Gallagher.
11:22 of 2nd period - Shot Misses the Net.
11:24 of 2nd period - Shot by Jakub Voracek.
11:24 of 2nd period - Goal by Jakub Voracek - Flyers : 2 - Stars : 3.
11:25 of 2nd period - Reilly Smith wins face-off versus Robert Thomas in neutral zone.
11:36 of 2nd period - Shot by Robert Thomas.
11:36 of 2nd period - Shot Blocked by Sami Vatanen.
11:38 of 2nd period - Shot by Jonas Brodin.
11:38 of 2nd period - Shot Blocked by Shea Theodore.
11:40 of 2nd period - Shot by Ryan Graves.
11:40 of 2nd period - Shot Misses the Net.
11:44 of 2nd period - Shot by Joel Farabee.
11:44 of 2nd period - Shot Misses the Net.
11:46 of 2nd period - Shot by Joel Farabee.
11:46 of 2nd period - Stopped by Darcy Kuemper without a rebound.
11:47 of 2nd period - Nazem Kadri wins face-off versus Johan Larsson in Stars zone.
11:47 of 2nd period - Nazem Kadri is hit by Johan Larsson.
11:56 of 2nd period - Minor Penalty to Johan Larsson for Tripping.
11:57 of 2nd period - Nazem Kadri wins face-off versus Paul Stastny in Flyers zone.
12:06 of 2nd period - Shot by Reilly Smith.
12:06 of 2nd period - Stopped by Keith Kinkaid without a rebound.
12:07 of 2nd period - Nazem Kadri wins face-off versus Robert Thomas in Flyers zone.
12:22 of 2nd period - Shot by Tom Wilson.
12:22 of 2nd period - Stopped by Keith Kinkaid with a rebound.
12:24 of 2nd period - Shot by John Klingberg.
12:24 of 2nd period - Shot Misses the Net.
12:26 of 2nd period - Shot by Duncan Keith.
12:26 of 2nd period - Shot Misses the Net.
12:28 of 2nd period - Shot by Duncan Keith.
12:28 of 2nd period - Stopped by Keith Kinkaid with a rebound.
12:30 of 2nd period - Shot by Duncan Keith.
12:30 of 2nd period - Shot Misses the Net.
12:32 of 2nd period - Shot by Nazem Kadri.
12:32 of 2nd period - Shot Misses the Net.
12:34 of 2nd period - Shot by Reilly Smith.
12:34 of 2nd period - Stopped by Keith Kinkaid without a rebound.
12:35 of 2nd period - Patrice Bergeron wins face-off versus Robert Thomas in Flyers zone.
12:38 of 2nd period - Shot by Sami Vatanen.
12:38 of 2nd period - Goal by Sami Vatanen - Flyers : 2 - Stars : 4.
12:38 of 2nd period - Pavel Francouz enters game.
12:39 of 2nd period - Victor Olofsson wins face-off versus Mika Zibanejad in neutral zone.
12:43 of 2nd period - Sami Vatanen is hit by Victor Hedman and loses puck.
13:04 of 2nd period - Shot by James van Riemsdyk.
13:04 of 2nd period - Shot Blocked by Noah Hanifin.
13:06 of 2nd period - Shot by Sami Vatanen.
13:06 of 2nd period - Stopped by Pavel Francouz without a rebound.
13:07 of 2nd period - Robert Thomas wins face-off versus Nazem Kadri in Flyers zone.
13:42 of 2nd period - Icing by Ryan Graves.
13:43 of 2nd period - Patrice Bergeron wins face-off versus Robert Thomas in Flyers zone.
13:50 of 2nd period - Shot by Patrice Bergeron.
13:50 of 2nd period - Shot Misses the Net.
14:05 of 2nd period - Tom Wilson is hit by Ryan Graves and loses puck.
14:14 of 2nd period - Shot by Patrice Bergeron.
14:14 of 2nd period - Shot Misses the Net.
14:16 of 2nd period - Shot by Patrice Bergeron.
14:16 of 2nd period - Shot Misses the Net.
14:24 of 2nd period - Shot by Patrice Bergeron.
14:24 of 2nd period - Shot Misses the Net.
14:31 of 2nd period - Icing by Jonas Brodin.
14:32 of 2nd period - Nazem Kadri wins face-off versus Robert Thomas in Flyers zone.
14:35 of 2nd period - Shot by Tyler Toffoli.
14:35 of 2nd period - Stopped by Pavel Francouz without a rebound.
14:36 of 2nd period - Derick Brassard wins face-off versus Johan Larsson in Flyers zone.
14:54 of 2nd period - Icing by Victor Hedman.
14:55 of 2nd period - Nazem Kadri wins face-off versus Johan Larsson in Flyers zone.
15:01 of 2nd period - Jon Marchessault is hit by Victor Hedman and loses puck.
15:09 of 2nd period - Icing by Victor Hedman.
15:10 of 2nd period - Johan Larsson wins face-off versus Patrice Bergeron in Flyers zone.
15:42 of 2nd period - Shot by Patrice Bergeron.
15:42 of 2nd period - Stopped by Pavel Francouz with a rebound.
16:28 of 2nd period - Jon Marchessault is hit by Victor Hedman and loses puck.
16:45 of 2nd period - Jonas Brodin is hit by Nazem Kadri and loses puck.
17:15 of 2nd period - Icing by Mika Zibanejad.
17:16 of 2nd period - Derick Brassard wins face-off versus Mika Zibanejad in Flyers zone.
17:58 of 2nd period - Shot by Tomas Tatar.
17:58 of 2nd period - Shot Misses the Net.
18:00 of 2nd period - Shot by Nino Niederreiter.
18:00 of 2nd period - Shot Misses the Net.
18:04 of 2nd period - Shot by Johan Larsson.
18:04 of 2nd period - Stopped by Darcy Kuemper with a rebound.
18:06 of 2nd period - Shot by Noah Hanifin.
18:06 of 2nd period - Deflect By Tomas Tatar.
18:06 of 2nd period - Shot Misses the Net.
18:08 of 2nd period - Shot by Noah Hanifin.
18:08 of 2nd period - Stopped by Darcy Kuemper without a rebound.
18:09 of 2nd period - Robert Thomas wins face-off versus Patrice Bergeron in Stars zone.
18:21 of 2nd period - Shot by Tom Wilson.
18:21 of 2nd period - Stopped by Pavel Francouz without a rebound.
18:22 of 2nd period - Patrice Bergeron wins face-off versus Paul Stastny in Flyers zone.
18:29 of 2nd period - Shot by Tom Wilson.
18:29 of 2nd period - Stopped by Pavel Francouz without a rebound.
18:30 of 2nd period - Patrice Bergeron wins face-off versus Mika Zibanejad in Flyers zone.
18:30 of 2nd period - Tom Wilson is hit by Vince Dunn and loses puck.
18:49 of 2nd period - Tom Wilson is hit by Brendan Gallagher and loses puck.
18:57 of 2nd period - Mika Zibanejad is hit by Scott Mayfield and loses puck.
19:03 of 2nd period - Brendan Gallagher is hit by Scott Mayfield and loses puck.
19:06 of 2nd period - Shot by Mika Zibanejad.
19:06 of 2nd period - Deflect By Brendan Gallagher.
19:06 of 2nd period - Shot Misses the Net.
19:08 of 2nd period - Shot by Mika Zibanejad.
19:08 of 2nd period - Shot Misses the Net.
19:10 of 2nd period - Shot by Brendan Gallagher.
19:10 of 2nd period - Goal by Brendan Gallagher - Flyers : 3 - Stars : 4.
19:11 of 2nd period - Paul Stastny wins face-off versus Derick Brassard in neutral zone.
Goals for this period are 3 for Flyers vs 3 for Stars.
Shots for this period are 10 for Flyers vs 16 for Stars.

3rd period


0:01 of 3rd period - Nazem Kadri wins face-off versus Robert Thomas in neutral zone.
0:22 of 3rd period - Victor Hedman is hit by Duncan Keith and loses puck.
1:59 of 3rd period - Shot by Derick Brassard.
1:59 of 3rd period - Shot Hit the Post.
2:01 of 3rd period - Shot by Scott Mayfield.
2:01 of 3rd period - Stopped by Pavel Francouz with a rebound.
2:03 of 3rd period - Shot by Matt Grzelcyk.
2:03 of 3rd period - Stopped by Pavel Francouz without a rebound.
2:04 of 3rd period - Mika Zibanejad wins face-off versus Teddy Blueger in Flyers zone.
2:10 of 3rd period - Icing by Brendan Gallagher.
2:11 of 3rd period - Brendan Gallagher wins face-off versus Nazem Kadri in Flyers zone.
2:21 of 3rd period - Icing by John Klingberg.
2:22 of 3rd period - Nazem Kadri wins face-off versus Paul Stastny in Stars zone.
2:22 of 3rd period - John Klingberg is hit by Jamie Benn and loses puck.
2:30 of 3rd period - Minor Penalty to Noah Hanifin for Interference.
2:31 of 3rd period - Nazem Kadri wins face-off versus Robert Thomas in Flyers zone.
2:31 of 3rd period - Nazem Kadri is hit by Rasmus Andersson.
2:33 of 3rd period - Shot by Duncan Keith.
2:33 of 3rd period - Stopped by Pavel Francouz without a rebound.
2:34 of 3rd period - Nazem Kadri wins face-off versus Johan Larsson in Flyers zone.
2:41 of 3rd period - Shot by Duncan Keith.
2:41 of 3rd period - Stopped by Pavel Francouz with a rebound.
2:43 of 3rd period - Shot by Duncan Keith.
2:43 of 3rd period - Shot Blocked by Vince Dunn.
2:45 of 3rd period - Shot by Tom Wilson.
2:45 of 3rd period - Deflect By Reilly Smith.
2:45 of 3rd period - Shot Misses the Net.
2:47 of 3rd period - Shot by Tom Wilson.
2:47 of 3rd period - Shot Blocked by Johan Larsson.
3:11 of 3rd period - Shot by Tom Wilson.
3:11 of 3rd period - Shot Misses the Net.
3:13 of 3rd period - Shot by Tom Wilson.
3:13 of 3rd period - Shot Misses the Net.
3:15 of 3rd period - Shot by Tom Wilson.
3:15 of 3rd period - Stopped by Pavel Francouz without a rebound.
3:16 of 3rd period - Patrice Bergeron wins face-off versus Robert Thomas in Flyers zone.
3:50 of 3rd period - Shot by Tyler Toffoli.
3:50 of 3rd period - Goal by Tyler Toffoli - Flyers : 3 - Stars : 5.
3:51 of 3rd period - Mika Zibanejad wins face-off versus Derick Brassard in neutral zone.
3:58 of 3rd period - Shot by Mika Zibanejad.
3:58 of 3rd period - Shot Misses the Net.
4:00 of 3rd period - Shot by Brendan Gallagher.
4:00 of 3rd period - Deflect By Jakub Voracek.
4:00 of 3rd period - Stopped by Darcy Kuemper without a rebound.
4:01 of 3rd period - Paul Stastny wins face-off versus Teddy Blueger in Stars zone.
4:51 of 3rd period - Off-side.
4:52 of 3rd period - Patrice Bergeron wins face-off versus Brendan Gallagher in neutral zone.
5:02 of 3rd period - Shot by Mika Zibanejad.
5:02 of 3rd period - Shot Misses the Net.
5:04 of 3rd period - Shot by Jakub Voracek.
5:04 of 3rd period - Shot Misses the Net.
5:26 of 3rd period - Shot by Jakub Voracek.
5:26 of 3rd period - Shot Misses the Net.
5:28 of 3rd period - Shot by Mika Zibanejad.
5:28 of 3rd period - Shot Misses the Net.
6:33 of 3rd period - Shot by Tomas Tatar.
6:33 of 3rd period - Shot Misses the Net.
7:05 of 3rd period - Shot by Tyler Toffoli.
7:05 of 3rd period - Stopped by Pavel Francouz without a rebound.
7:06 of 3rd period - Paul Stastny wins face-off versus Derick Brassard in Flyers zone.
7:43 of 3rd period - James van Riemsdyk is hit by Ryan Graves and loses puck.
7:51 of 3rd period - Icing by Ryan Graves.
7:52 of 3rd period - Nazem Kadri wins face-off versus Paul Stastny in Flyers zone.
7:52 of 3rd period - Duncan Keith is hit by Jonas Brodin and loses puck.
7:58 of 3rd period - Jon Marchessault is hit by Ryan Graves and loses puck.
8:11 of 3rd period - Shot by John Klingberg.
8:11 of 3rd period - Shot Misses the Net.
8:22 of 3rd period - Shot by Nazem Kadri.
8:22 of 3rd period - Stopped by Pavel Francouz without a rebound.
8:23 of 3rd period - Mika Zibanejad wins face-off versus Teddy Blueger in Flyers zone.
8:35 of 3rd period - Off-side.
8:36 of 3rd period - Patrice Bergeron wins face-off versus Robert Thomas in neutral zone.
9:03 of 3rd period - Shot by Robert Thomas.
9:03 of 3rd period - Shot Blocked by Sami Vatanen.
9:05 of 3rd period - Shot by Rasmus Andersson.
9:05 of 3rd period - Stopped by Darcy Kuemper without a rebound.
9:06 of 3rd period - Mika Zibanejad wins face-off versus Jon Marchessault in Stars zone.
9:11 of 3rd period - Shot by Mika Zibanejad.
9:11 of 3rd period - Stopped by Darcy Kuemper with a rebound.
9:13 of 3rd period - Shot by Vince Dunn.
9:13 of 3rd period - Goal by Vince Dunn - Flyers : 4 - Stars : 5.
9:14 of 3rd period - Nazem Kadri wins face-off versus Mika Zibanejad in neutral zone.
9:46 of 3rd period - Shot by Mika Zibanejad.
9:46 of 3rd period - Shot Misses the Net.
9:55 of 3rd period - Nazem Kadri is hit by Noah Hanifin and loses puck.
10:04 of 3rd period - Minor Penalty to Mika Zibanejad for Roughing.
10:05 of 3rd period - Robert Thomas wins face-off versus Evgenii Dadonov in Flyers zone.
10:41 of 3rd period - Shot by Evgenii Dadonov.
10:41 of 3rd period - Shot Blocked by Ryan Graves.
10:43 of 3rd period - Shot by Reilly Smith.
10:43 of 3rd period - Stopped by Pavel Francouz without a rebound.
10:44 of 3rd period - Patrice Bergeron wins face-off versus Joel Farabee in Flyers zone.
11:47 of 3rd period - Shot by Nazem Kadri.
11:47 of 3rd period - Stopped by Pavel Francouz with a rebound.
12:16 of 3rd period - Mika Zibanejad is hit by Victor Olofsson and loses puck.
12:43 of 3rd period - Icing by Victor Hedman.
12:44 of 3rd period - Mika Zibanejad wins face-off versus Teddy Blueger in Flyers zone.
13:31 of 3rd period - Sami Vatanen is hit by Jamie Benn and loses puck.
13:41 of 3rd period - William Nylander is hit by Sami Vatanen and loses puck.
14:01 of 3rd period - Icing by Shea Theodore.
14:02 of 3rd period - Patrice Bergeron wins face-off versus Robert Thomas in Stars zone.
14:08 of 3rd period - Robert Thomas is hit by Sami Vatanen and loses puck.
14:23 of 3rd period - Shea Theodore is hit by Jake Debrusk and loses puck.
14:30 of 3rd period - Shot by Jake Debrusk.
14:30 of 3rd period - Stopped by Darcy Kuemper with a rebound.
14:32 of 3rd period - Shot by Robert Thomas.
14:32 of 3rd period - Stopped by Darcy Kuemper without a rebound.
14:33 of 3rd period - Nazem Kadri wins face-off versus Johan Larsson in Stars zone.
14:55 of 3rd period - Off-side.
14:56 of 3rd period - Paul Stastny wins face-off versus Derick Brassard in neutral zone.
15:01 of 3rd period - Victor Olofsson is hit by Paul Stastny and loses puck.
15:12 of 3rd period - Shot by William Nylander.
15:12 of 3rd period - Shot Blocked by Matt Grzelcyk.
15:14 of 3rd period - Shot by William Nylander.
15:14 of 3rd period - Stopped by Darcy Kuemper with a rebound.
15:53 of 3rd period - Shot by Tomas Tatar.
15:53 of 3rd period - Shot Misses the Net.
16:15 of 3rd period - Icing by Matt Grzelcyk.
16:16 of 3rd period - Derick Brassard wins face-off versus Robert Thomas in Stars zone.
16:56 of 3rd period - Shot by Tyler Toffoli.
16:56 of 3rd period - Stopped by Pavel Francouz without a rebound.
16:57 of 3rd period - Patrice Bergeron wins face-off versus Tomas Tatar in Flyers zone.
17:11 of 3rd period - Shot by Tom Wilson.
17:11 of 3rd period - Shot Misses the Net.
17:32 of 3rd period - Icing by Victor Hedman.
17:33 of 3rd period - Nazem Kadri wins face-off versus Johan Larsson in Flyers zone.
17:38 of 3rd period - Shot by Tyler Toffoli.
17:38 of 3rd period - Deflect By Nazem Kadri.
17:38 of 3rd period - Stopped by Pavel Francouz without a rebound.
17:39 of 3rd period - Nazem Kadri wins face-off versus Mika Zibanejad in Flyers zone.
17:43 of 3rd period - Tyler Toffoli is hit by Vince Dunn and loses puck.
17:51 of 3rd period - Mika Zibanejad is hit by Duncan Keith and loses puck.
17:56 of 3rd period - Shot by Mika Zibanejad.
17:56 of 3rd period - Shot Misses the Net.
17:58 of 3rd period - Shot by Jakub Voracek.
17:58 of 3rd period - Stopped by Darcy Kuemper without a rebound.
17:59 of 3rd period - Patrice Bergeron wins face-off versus Robert Thomas in Stars zone.
18:04 of 3rd period - Shot by Patrice Bergeron.
18:04 of 3rd period - Stopped by Pavel Francouz without a rebound.
18:05 of 3rd period - Patrice Bergeron wins face-off versus Robert Thomas in Flyers zone.
18:25 of 3rd period - Icing by Duncan Keith.
18:26 of 3rd period - Tom Wilson wins face-off versus Johan Larsson in Stars zone.
18:51 of 3rd period - Johan Larsson is hit by Tom Wilson.
18:57 of 3rd period - Shot by Reilly Smith.
18:57 of 3rd period - Stopped by Pavel Francouz without a rebound.
18:58 of 3rd period - Robert Thomas wins face-off versus Nazem Kadri in Flyers zone.
18:58 of 3rd period - Victor Hedman is hit by Jon Marchessault and loses puck.
19:05 of 3rd period - Flyers, Pavel Francouz is pulled from the net.
19:08 of 3rd period - Minor Penalty to Shea Theodore for Interference.
19:09 of 3rd period - Teddy Blueger wins face-off versus Paul Stastny in Stars zone.
19:34 of 3rd period - Shot by Victor Hedman.
19:34 of 3rd period - Shot Blocked by Sami Vatanen.
19:36 of 3rd period - Shot by Victor Hedman.
19:36 of 3rd period - Stopped by Darcy Kuemper without a rebound.
19:37 of 3rd period - Teddy Blueger wins face-off versus Mika Zibanejad in Stars zone.
19:37 of 3rd period - Teddy Blueger is hit by Brendan Gallagher.
Goals for this period are 1 for Flyers vs 1 for Stars.
Shots for this period are 9 for Flyers vs 14 for Stars.